2826 views
Uploaded 2020-02-08 17:29:07
Game version 1.32 / 1.32.1
11:37 long 2on2 ladder game on (4)CentaurGrove
Saved by iggythefisk
2826 views
Uploaded 2020-02-08 17:29:07
Game version 1.32 / 1.32.1
11:37 long 2on2 ladder game on (4)CentaurGrove


48 units @ 6.3k
/ 0.3k
22 buildings @ 3.8k
/ 1.5k


| Wisp | 12 | 720 | / | 0 |
| Huntress | 5 | 975 | / | 100 |
| Archer | 7 | 910 | / | 70 |
| total: | 24 | 2605g | / | 170w |
| Ancient Protector | 2 | 270 | / | 160 |
| Altar of Elders | 1 | 180 | / | 50 |
| Moon Well | 4 | 720 | / | 160 |
| Ancient of War | 2 | 300 | / | 120 |
| Hunter's Hall | 1 | 210 | / | 100 |
| Ancient of Lore | 1 | 155 | / | 145 |
| Tree of Ages | 1 | 320 | / | 180 |
| total: | 11 | 1835g | / | 735w |
| 0:00 | Wisp |
| 0:04 | Altar of Elders |
| 0:06 | Wisp |
| 0:15 | Moon Well |
| 0:20 | Wisp |
| 0:29 | Wisp |
| 0:46 | Wisp |
| 0:57 | Wisp |
| 1:11 | Wisp |
| 1:23 | Wisp |
| 1:30 | Ancient of War |
| 1:35 | Wisp |
| 1:39 | Hunter's Hall |
| 1:53 | Wisp |
| 1:56 | Moon Well |
| 2:10 | Ancient of War |
| 2:13 | Entangling Roots |
| 2:55 | Strength of the Moon |
| 3:16 | Huntress |
| 3:17 | Huntress |
| 3:33 | Huntress |
| 3:50 | Moon Well |
| 4:46 | Thorns Aura |
| 4:50 | Ancient Protector |
| 4:51 | Ancient Protector |
| 5:07 | Huntress |
| 5:39 | Huntress |
| 6:16 | Entangling Roots |
| 6:41 | Archer |
| 6:45 | Moon Well |
| 7:16 | Tree of Ages |
| 7:36 | Archer |
| 7:42 | Archer |
| 8:52 | Archer |
| 8:52 | Archer |
| 9:40 | Frost Arrows |
| 9:50 | Wisp |
| 9:51 | Wisp |
| 9:53 | Ancient of Lore |
| 11:00 | Thorns Aura |
| 11:11 | Forked Lightning |
| 11:15 | Archer |
| 11:33 | Archer |
| Right click | 767 |
| Select | 407 |
| Select group | 197 |
| Assign group | 62 |
| Build/train/purchase | 37 |
| Use ability | 15 |
| Misc. action | 1 |
| Minimap ping | 1 |


| Healing Salve | 2 | 200 |
| Lesser Clarity Potion | 1 | 70 |
| Boots of Speed | 1 | 250 |
| Circlet of Nobility | 1 | 175 |
| Staff of Teleportation | 1 | 150 |
| total: | 6 | 845g |
| Peon | 8 | 600 | / | 0 |
| Grunt | 12 | 2400 | / | 0 |
| Raider | 4 | 720 | / | 160 |
| total: | 24 | 3720g | / | 160w |
| Altar of Storms | 1 | 180 | / | 50 |
| Orc Burrow | 5 | 800 | / | 200 |
| Barracks | 1 | 180 | / | 50 |
| Voodoo Lounge | 1 | 130 | / | 30 |
| Great Hall | 1 | 385 | / | 185 |
| Beastiary | 2 | 290 | / | 280 |
| Stronghold | 1 | 315 | / | 190 |
| total: | 11 | 1965g | / | 795w |
| 0:02 | Altar of Storms |
| 0:04 | Peon |
| 0:04 | Peon |
| 0:08 | Orc Burrow |
| 0:12 | Peon |
| 0:28 | Barracks |
| 0:40 | Peon |
| 0:50 | Peon |
| 1:04 | Peon |
| 1:14 | Peon |
| 1:28 | Orc Burrow |
| 1:42 | Grunt |
| 1:56 | Voodoo Lounge |
| 2:03 | Wind Walk |
| 2:05 | Peon |
| 2:23 | Grunt |
| 2:48 | Grunt |
| 3:06 | Grunt |
| 3:13 | Stronghold |
| 3:34 | Grunt |
| 3:53 | Orc Burrow |
| 4:35 | Boots of Speed |
| 4:35 | Circlet of Nobility |
| 5:16 | Grunt |
| 5:19 | Critical Strike |
| 5:28 | Grunt |
| 5:41 | Beastiary |
| 5:43 | Berserker Strength |
| 6:03 | Beastiary |
| 6:11 | Staff of Teleportation |
| 6:18 | Healing Salve |
| 6:22 | Lesser Clarity Potion |
| 6:25 | Healing Salve |
| 6:45 | Grunt |
| 7:03 | Healing Wave |
| 7:06 | Raider |
| 7:07 | Ensnare |
| 7:31 | Raider |
| 7:39 | Orc Burrow |
| 8:01 | Grunt |
| 8:23 | Wind Walk |
| 8:32 | Grunt |
| 8:45 | Hex |
| 9:27 | Orc Burrow |
| 10:05 | Great Hall |
| 10:10 | Pillage |
| 10:48 | Grunt |
| 10:49 | Raider |
| 11:01 | Healing Wave |
| 11:06 | Grunt |
| 11:22 | Raider |
| 11:25 | Critical Strike |
| Right click | 605 |
| Assign group | 445 |
| Select | 208 |
| Select group | 164 |
| Build/train/purchase | 60 |
| Use ability | 19 |
| Misc. action | 7 |
| Remove unit | 3 |
| Item give/drop | 2 |
46 units @ 7.8k
/ 1k
20 buildings @ 2.7k
/ 0.8k

| Peasant | 6 | 450 | / | 0 |
| Rifleman | 17 | 3485 | / | 510 |
| total: | 23 | 3935g | / | 510w |
| Barracks | 2 | 320 | / | 120 |
| Farm | 6 | 480 | / | 120 |
| Blacksmith | 1 | 140 | / | 60 |
| Altar of Kings | 1 | 180 | / | 50 |
| Lumber Mill | 1 | 120 | / | 0 |
| Keep | 1 | 320 | / | 210 |
| total: | 11 | 1240g | / | 350w |
| 0:03 | Peasant |
| 0:03 | Peasant |
| 0:03 | Peasant |
| 0:10 | Barracks |
| 0:14 | Farm |
| 0:19 | Blacksmith |
| 0:40 | Peasant |
| 1:04 | Peasant |
| 1:11 | Peasant |
| 1:23 | Rifleman |
| 1:51 | Farm |
| 1:53 | Rifleman |
| 2:10 | Altar of Kings |
| 2:30 | Farm |
| 3:07 | Rifleman |
| 3:40 | Black Gunpowder |
| 3:45 | Farm |
| 3:52 | Rifleman |
| 4:07 | Rifleman |
| 4:21 | Farm |
| 4:33 | Holy Light |
| 4:49 | Rifleman |
| 5:31 | Divine Shield |
| 5:52 | Rifleman |
| 5:52 | Rifleman |
| 5:56 | Farm |
| 6:35 | Rifleman |
| 6:38 | Studded Leather Armor |
| 7:16 | Rifleman |
| 7:17 | Rifleman |
| 7:26 | Keep |
| 7:43 | Divine Shield |
| 8:01 | Rifleman |
| 8:05 | Rifleman |
| 9:15 | Rifleman |
| 9:16 | Rifleman |
| 9:34 | Barracks |
| 9:38 | Lumber Mill |
| 10:55 | Rifleman |
| 11:26 | Rifleman |
| Right click | 176 |
| Select | 137 |
| Build/train/purchase | 39 |
| Use ability | 9 |
| Minimap ping | 1 |

| Rod of Necromancy | 7 | 1050 |
| Potion of Healing | 1 | 150 |
| Dust of Appearance | 1 | 75 |
| Scroll of Town Portal | 1 | 350 |
| total: | 10 | 1625g |
| Acolyte | 3 | 225 | / | 0 |
| Ghoul | 7 | 840 | / | 0 |
| Crypt Fiend | 13 | 2795 | / | 520 |
| total: | 23 | 3860g | / | 520w |
| Nerubian Tower | 2 | 200 | / | 40 |
| Spirit Tower | 3 | 435 | / | 120 |
| Crypt | 1 | 200 | / | 50 |
| Graveyard | 1 | 215 | / | 0 |
| Ziggurat | 4 | 600 | / | 200 |
| Altar of Darkness | 1 | 180 | / | 50 |
| Tomb of Relics | 1 | 130 | / | 30 |
| Slaughterhouse | 1 | 140 | / | 135 |
| Halls of the Dead | 2 | 640 | / | 420 |
| total: | 9 | 1465g | / | 465w |
| 0:04 | Acolyte |
| 0:09 | Crypt |
| 0:14 | Graveyard |
| 0:20 | Acolyte |
| 0:40 | Ziggurat |
| 1:01 | Altar of Darkness |
| 1:13 | Ghoul |
| 1:26 | Ziggurat |
| 1:39 | Ghoul |
| 1:39 | Ghoul |
| 2:00 | Crypt Fiend |
| 2:00 | Crypt Fiend |
| 2:16 | Tomb of Relics |
| 2:37 | Crypt Fiend |
| 2:37 | Crypt Fiend |
| 3:04 | Death Coil |
| 3:09 | Halls of the Dead |
| 3:24 | Rod of Necromancy |
| 3:24 | Rod of Necromancy |
| 3:25 | Rod of Necromancy |
| 3:54 | Nerubian Tower |
| 4:03 | Dust of Appearance |
| 4:19 | Crypt Fiend |
| 4:32 | Rod of Necromancy |
| 4:32 | Rod of Necromancy |
| 4:33 | Rod of Necromancy |
| 4:50 | Spirit Tower |
| 4:50 | Spirit Tower |
| 5:50 | Crypt Fiend |
| 5:51 | Crypt Fiend |
| 5:51 | Crypt Fiend |
| 6:28 | Crypt Fiend |
| 6:31 | Acolyte |
| 6:39 | Slaughterhouse |
| 6:54 | Ghoul |
| 6:54 | Ghoul |
| 6:54 | Ghoul |
| 7:11 | Ziggurat |
| 7:16 | Ziggurat |
| 7:40 | Crypt Fiend |
| 7:47 | Ghoul |
| 7:49 | Unholy Aura |
| 8:13 | Crypt Fiend |
| 9:10 | Crypt Fiend |
| 9:16 | Scroll of Town Portal |
| 9:17 | Potion of Healing |
| 9:17 | Rod of Necromancy |
| 9:44 | Crypt Fiend |
| 10:32 | Death Coil |
| Right click | 367 |
| Select | 260 |
| Select group | 133 |
| Build/train/purchase | 74 |
| Misc. action | 72 |
| Assign group | 33 |
| Use ability | 9 |
| Remove unit | 1 |
| Esc | 1 |
⇛